 Dungeon Crawl Stone Soup version 0.22-a0-782-g038298e (console) character file.

46 Goblin1989 the Firebug (level 3, 0/24 HPs)
             Began as a Human Fire Elementalist on July 19, 2018.
             Succumbed to an adder's poison
             ... on level 2 of the Dungeon.
             The game lasted 00:03:06 (1667 turns).

Goblin1989 the Firebug (Human Fire Elementalist)    Turns: 1667, Time: 00:03:07

Health: 0/24       AC:  2    Str: 10 (13) XL:     3   Next: 92%
Magic:  8/15       EV: 12    Int: 13 (16) God:
Gold:   53         SH:  0    Dex: 11 (13) Spells: 5/6 levels left

rFire    . . .     SeeInvis .   h - +0 dagger
rCold    . . .     Gourm    .   (no shield)
rNeg     . . .     Faith    .   a - +0 robe
rPois    .         Spirit   .   (no helmet)
rElec    .         Reflect  .   (no cloak)
rCorr    .         Harm     .   (no gloves)
MR       .....                  (no boots)
Stlth    ++........             (no amulet)
HPRegen  0.08/turn              n - ring of magical power
MPRegen  0.14/turn              (no ring)

@: mighty, lethally poisoned (0 -> -8), very slightly contaminated
A: no striking features
a: no special abilities


You were on level 2 of the Dungeon.
You were not hungry.

You visited 1 branch of the dungeon, and saw 2 of its levels.

You collected 53 gold pieces.

Inventory:

Hand Weapons
 h - a +0 dagger (weapon)
Missiles
 i - 48 stones {@Q3}
 r - 3 javelins (quivered) {@Q2}
Armour
 a - a +0 robe (worn)
Jewellery
 n - a ring of magical power (left hand)
Scrolls
 f - a scroll of amnesia {unknown}
 g - a scroll of identify {unknown}
 k - a scroll of remove curse {unknown}
 m - a scroll of magic mapping {unknown}
Potions
 q - a potion of might {@q4}
Comestibles
 e - 6 rations
 s - 3 chunks of flesh


   Skills:
 - Level 2.0 Dodging
 - Level 2.0 Stealth
 + Level 2.3 Spellcasting
 * Level 2.2 Conjurations
 * Level 3.6 Fire Magic


You had 5 spell levels left.
You knew the following spells:

 Your Spells              Type           Power        Failure   Level  Hunger
a - Flame Tongue          Conj/Fire      #....        8%          1    #......

Your spell library contained the following spells:

 Spells                   Type           Power        Failure   Level  Hunger
 Fireball                 Conj/Fire      #.........   90%         5    ######.
 Conjure Flame            Conj/Fire      #.......     22%         3    ###....
 Throw Flame              Conj/Fire      #.....       11%         2    ###....
 Sticky Flame             Conj/Fire      #.......     58%         4    #####..
 Inner Flame              Hex/Fire       #.......     34%         3    ###....


Dungeon Overview and Level Annotations

Branches:
Dungeon (2/15)

Altars:


Message History

The rat is severely wounded.
The rat misses you.
You now have 14/15 mp.
Casting: Flame Tongue (safe; 6% risk of failure)
Confirm with . or Enter, or press ? or * to list all spells.
Aiming: Flame Tongue (safe; 6% risk of failure)
Press: ? - help, Shift-Dir - straight line, f/p - rat
Aim: a rat (severely wounded)
The flame tongue hits the rat.
You kill the rat!
You now have 13/15 mp.
Casting: Flame Tongue (safe; 6% risk of failure)
Confirm with . or Enter, or press ? or * to list all spells.
You can't see any susceptible monsters within range! (Use Z to cast anyway.)
Casting: Flame Tongue (safe; 6% risk of failure)
Confirm with . or Enter, or press ? or * to list all spells.
You can't see any susceptible monsters within range! (Use Z to cast anyway.)
Casting: Flame Tongue (safe; 6% risk of failure)
Confirm with . or Enter, or press ? or * to list all spells.
You can't see any susceptible monsters within range! (Use Z to cast anyway.)
Casting: Flame Tongue (safe; 6% risk of failure)
Confirm with . or Enter, or press ? or * to list all spells.
You can't see any susceptible monsters within range! (Use Z to cast anyway.)
Casting: Flame Tongue (safe; 6% risk of failure)
Confirm with . or Enter, or press ? or * to list all spells.
You can't see any susceptible monsters within range! (Use Z to cast anyway.)
A worm comes into view.
Casting: Flame Tongue (safe; 6% risk of failure)
Confirm with . or Enter, or press ? or * to list all spells.
You can't see any susceptible monsters within range! (Use Z to cast anyway.)
Casting: Flame Tongue (safe; 6% risk of failure)
Confirm with . or Enter, or press ? or * to list all spells.
You can't see any susceptible monsters within range! (Use Z to cast anyway.)
The adder hisses angrily.
Casting: Flame Tongue (safe; 6% risk of failure)
Confirm with . or Enter, or press ? or * to list all spells.
Aiming: Flame Tongue (safe; 6% risk of failure)
Press: ? - help, Shift-Dir - straight line, f - adder
Aim: an adder The flame tongue hits the adder.
The adder is lightly wounded.
You now have 12/15 mp.
Casting: Flame Tongue (safe; 6% risk of failure)
Confirm with . or Enter, or press ? or * to list all spells.
Aiming: Flame Tongue (safe; 6% risk of failure)
Press: ? - help, Shift-Dir - straight line, f/p - adder
Aim: an adder (lightly wounded)
You miscast Flame Tongue.
You are very lightly contaminated with residual magic.
Your skin tingles.
The adder bites you.
You take 5 damage, and have 19/24 hp.
MASSIVE DAMAGE!!
Casting: Flame Tongue (safe; 6% risk of failure)
Confirm with . or Enter, or press ? or * to list all spells.
Aiming: Flame Tongue (safe; 6% risk of failure)
Press: ? - help, Shift-Dir - straight line, f/p - adder
Aim: an adder (lightly wounded)
The flame tongue misses the adder.
The adder bites you.
You are poisoned.
The adder poisons you! The adder bites you.
You take 6 damage, and have 13/24 hp.
MASSIVE DAMAGE!!
You now have 11/15 mp.
Casting: Flame Tongue (safe; 6% risk of failure)
Confirm with . or Enter, or press ? or * to list all spells.
Aiming: Flame Tongue (safe; 6% risk of failure)
Press: ? - help, Shift-Dir - straight line, f/p - adder
Aim: an adder (lightly wounded)
The flame tongue misses the adder.
You feel sick. The adder bites you.
* * * LOW HITPOINT WARNING * * *
You are lethally poisoned!
The adder poisons you!
You take 6 damage, and have 7/24 hp.
MASSIVE DAMAGE!!
You now have 10/15 mp.
Casting: Flame Tongue (safe; 6% risk of failure)
Confirm with . or Enter, or press ? or * to list all spells.
Aiming: Flame Tongue (safe; 6% risk of failure)
Press: ? - help, Shift-Dir - straight line, f/p - adder
Aim: an adder (lightly wounded)
The flame tongue hits the adder.
The adder is moderately wounded.
* * * LOW HITPOINT WARNING * * *
You feel sick. The adder bites you.
* * * LOW HITPOINT WARNING * * *
You take 4 damage, and have 3/24 hp.
You now have 9/15 mp.
Casting: Flame Tongue (safe; 6% risk of failure)
Confirm with . or Enter, or press ? or * to list all spells.
Aiming: Flame Tongue (safe; 6% risk of failure)
Press: ? - help, Shift-Dir - straight line, f/p - adder
Aim: an adder (moderately wounded)
The flame tongue hits the adder.
The adder is heavily wounded.
The adder bites you.
* * * LOW HITPOINT WARNING * * *
You take 1 damage, and have 2/24 hp.
You now have 8/15 mp.
It was a potion of might.
You feel very mighty all of a sudden.
* * * LOW HITPOINT WARNING * * *
You feel sick. The adder closely misses you. The adder misses you.
You take 1 damage, and have 1/24 hp.
It was a potion of degeneration.
There was something very wrong with that liquid.
You feel weakened.
You feel dopey.
You feel clumsy.
You die...

.........█ █....
........██ █....
████<......███.... ██
█..█...........███ ...
████.█.>..........█.
..[.█...................
██...██.█..............
.█.........?███.........
...)..S@................
██......█.█████.........
)!.....w█..█ █.........
██.....................█
█.....███.█████████████
█..... .. ....... ..█
.█..... .██


You could see a worm and an adder.

Vanquished Creatures
  2 adders (D:2)
  2 giant cockroaches (D:1)
  2 hobgoblins (D:2)
  3 kobolds
  2 ball pythons (D:2)
  5 bats
  A frilled lizard (D:1)
  3 goblins
  11 rats
31 creatures vanquished.

Notes
Turn   | Place    | Note
-------+----------+-------------------------------------------
     0 | D:1      | Goblin1989 the Human Fire Elementalist began the quest for the Orb.
     0 | D:1      | Reached XP level 1. HP: 13/13 MP: 3/3
   413 | D:1      | Reached XP level 2. HP: 15/19 MP: 0/5
  1296 | D:2      | Reached XP level 3. HP: 23/24 MP: 6/6
  1666 | D:2      | HP: 1/24 [poisoned by an adder]
  1667 | D:2      | Succumbed to an adder's poison

Vault maps used:
D:1:      dpeg_arrival_leaves_temple_mockup, dk_noncrumbling_3,
          corexii_item_surrounded_by_moat
D:2:      minitemple, first_ration, fedhas_altar_4

Skill      XL: |  1  2 |
---------------+-------+-----
Conjurations   | 2 |  2.2
Dodging        | |  2.0
Stealth        | |  2.0
Spellcasting   | |  2.3
Fire Magic     | |  3.6

Action                   || total
-------------------------++-------
Melee: Dagger            ||     6
 Cast: Flame Tongue      ||    57
  Use: Potion            ||     2
  Eat: Chunk             ||     3
Armor: Robe              ||     8
Dodge: Dodged            ||    24

Table legend:
 A = Spawn XP
 B = Non-spawn XP
 C = Spawn XP percentage of total XP
 D = Spawn monster count
 E = Non-spawn monster count
 F = Spawn count percentage of total count
 G = Total turns spent on level
                    A         B        C        D         E        F      G
               +---------+---------+-------+---------+---------+-------+---------
         Total |       0 |      66 |   0.0 |       0 |      31 |   0.0 |  1667
               +---------+---------+-------+---------+---------+-------+---------
           D:1 |       0 |      18 |   0.0 |       0 |      13 |   0.0 |  1164
           D:2 |       0 |      48 |   0.0 |       0 |      18 |   0.0 |   503
               +---------+---------+-------+---------+---------+-------+---------

Vault maps used:
D:1:      dpeg_arrival_leaves_temple_mockup, dk_noncrumbling_3,
          corexii_item_surrounded_by_moat
D:2:      minitemple, first_ration, fedhas_altar_4
